[Event "Condigne Dutch Open 2018"]
[Site "Dieren"]
[Date "2018.07.28"]
[Round "5"]
[White "Saravanan, V.."]
[Black "Melde, Benjamin"]
[Result "1-0"]
[ECO "E92"]
[WhiteElo "2326"]
[BlackElo "2108"]
[Annotator "NA"]
[PlyCount "109"]
[EventDate "2018.07.24"]
[EventType "swiss"]
[EventCountry "NED"]
[SourceTitle "playchess.com"]
[Source "ChessBase"]
[SourceQuality "1"]
[TimeControl "40/5400+30:1800+30"]

1. d4 Nf6 2. c4 g6 3. Nc3 Bg7 4. e4 O-O 5. Nf3 d6 6. Be2 e5 7. Be3 c6 8. d5 Ng4 9. Bg5 f6 10. Bh4 h5 11. Nd2 Nh6 12. f3 c5 13. a3 Na6 14. Rb1 b6 15. b4 Nf7 16. Bd3 Bh6 17. Qe2 Bd7 18. Bc2 Qe8 19. Bxf6 Ng5 20. Bxg5 Bxg5 21. Nb5 Qe7 22. Ba4 Rad8 23. Nc3 Bc8 24. Bb5 Bh6 25. Kd1 Qg5 26. Kc2 Nc7 27. bxc5 bxc5 28. Nb3 Nxb5 29. Nxb5 Rf7 30. Na5 a6 31. Nc3 Qe3 32. Qxe3 Bxe3 33. Rb8 g5 34. Na4 Rdf8 35. Nb6 Bd7 36. Nxd7 Rxd7 37. Rxf8+ Kxf8 38. Rb1 g4 39. fxg4 hxg4 40. Rb7 Rxb7 41. Nxb7 Ke7 42. Na5 Kf6 43. Kd3 Bh6 44. Nc6 Bc1 45. a4 Ba3 46. h3 Kg5 47. hxg4 Kf6 48. g5+ Kf7 49. Ke2 Bb2 50. Kf3 Bc1 51. Kg4 Bd2 52. Kf5 Be1 53. Nb8 a5 54. Nc6 Bd2 55. g6+ 1-0

[Event "Condigne Dutch Open 2018"]
[Site "Dieren"]
[Date "2018.07.28"]
[Round "5"]
[White "Van Osch, Mees"]
[Black "Krysa, Leandro"]
[Result "0-1"]
[ECO "C48"]
[WhiteElo "2324"]
[BlackElo "2533"]
[Annotator "ChessBase"]
[PlyCount "144"]
[EventDate "2018.07.24"]
[EventType "swiss"]
[EventCountry "NED"]
[SourceTitle "playchess.com"]
[Source "ChessBase"]
[SourceQuality "1"]
[TimeControl "40/5400+30:1800+30"]

1. e4 e5 2. Nf3 Nc6 3. Nc3 Nf6 4. Bb5 Bc5 5. O-O O-O 6. Nxe5 Nxe5 7. d4 Bd6 8. f4 Neg4 9. h3 Bb4 10. hxg4 Bxc3 11. bxc3 Nxe4 12. Bd3 d5 13. Bxe4 dxe4 14. f5 Qh4 15. Qe2 Re8 16. Be3 Bd7 17. Bf2 Qg5 18. Be3 Bb5 19. Bxg5 Bxe2 20. Rf4 Bc4 21. Bh4 h6 22. a3 f6 23. Bg3 Re7 24. Rb1 b6 25. Re1 e3 26. Rf3 e2 27. Kf2 Rae8 28. Bf4 Kf7 29. g3 Rd8 30. Re3 Rdd7 31. Rb1 Rxe3 32. Kxe3 Re7+ 33. Kf2 Ke8 34. Ke1 Kd7 35. Rb4 Bd5 36. c4 a5 37. Rb3 Bxc4 38. Re3 Rf7 39. d5 Kd8 40. Re4 b5 41. a4 Bxd5 42. Rd4 Rd7 43. axb5 Bf3 44. Be3 a4 45. Rxd7+ Kxd7 46. Bc5 Ke8 47. c4 Bxg4 48. Bb4 h5 49. c5 Kd7 50. c6+ Ke8 51. Kf2 Bxf5 52. Kxe2 g5 53. Kd2 h4 54. gxh4 gxh4 55. Ba5 Kd8 56. b6 cxb6 57. Bxb6+ Ke7 58. Bf2 h3 59. Bg3 Bc8 60. Kc3 Ke6 61. Kb4 Kf5 62. Kxa4 Kg4 63. Bh2 Kf3 64. Kb5 Kg2 65. Bd6 h2 66. Bxh2 Kxh2 67. Kb6 Bg4 68. c7 Kg3 69. Kc5 Kf4 70. Kd4 Bc8 71. Kd3 Ke5 72. Ke3 Kd6 0-1

[Event "Condigne Dutch Open 2018"]
[Site "Dieren"]
[Date "2018.07.28"]
[Round "5"]
[White "De Boer, Eelke"]
[Black "Anurag, Mhamal"]
[Result "*"]
[ECO "C84"]
[WhiteElo "2317"]
[BlackElo "2484"]
[Annotator "ChessBase"]
[PlyCount "49"]
[EventDate "2018.07.24"]
[EventType "swiss"]
[EventCountry "NED"]
[SourceTitle "playchess.com"]
[Source "ChessBase"]
[SourceQuality "1"]
[TimeControl "40/5400+30:1800+30"]

1. e4 e5 2. Nf3 Nc6 3. Bb5 a6 4. Ba4 Nf6 5. O-O Be7 6. d3 b5 7. Bb3 d6 8. a3 Na5 9. Ba2 c5 10. Nc3 Be6 11. Bg5 Nc6 12. Bxf6 Bxf6 13. Nd5 O-O 14. c3 g6 15. Qd2 Rc8 16. a4 Rb8 17. axb5 axb5 18. Bb3 Bxd5 19. Bxd5 Ne7 20. Bb3 Ra8 21. Qh6 d5 22. Ng5 Bxg5 23. Qxg5 Rxa1 24. Rd1 {[%emt 0:33:27] Rb1Rxb1 [%clk 0:33:20]} Qd6 25. Rxa1 *

[Event "Condigne Dutch Open 2018"]
[Site "Dieren"]
[Date "2018.07.28"]
[Round "5"]
[White "De Boer, Eelke"]
[Black "Anurag, Mhamal"]
[Result "1/2-1/2"]
[ECO "C84"]
[WhiteElo "2317"]
[BlackElo "2484"]
[Annotator "ChessBase"]
[PlyCount "87"]
[EventDate "2018.07.24"]
[EventType "swiss"]
[EventCountry "NED"]
[SourceTitle "playchess.com"]
[Source "ChessBase"]
[SourceQuality "1"]
[TimeControl "40/5400+30:1800+30"]

1. e4 e5 2. Nf3 Nc6 3. Bb5 a6 4. Ba4 Nf6 5. O-O Be7 6. d3 b5 7. Bb3 d6 8. a3 Na5 9. Ba2 c5 10. Nc3 Be6 11. Bg5 Nc6 12. Bxf6 Bxf6 13. Nd5 O-O 14. c3 g6 15. Qd2 Rc8 16. a4 Rb8 17. axb5 axb5 18. Bb3 Bxd5 19. Bxd5 Ne7 20. Bb3 Ra8 21. Qh6 d5 22. Ng5 Bxg5 23. Qxg5 Rxa1 24. Rxa1 Qd6 25. exd5 Nxd5 26. d4 Nf4 27. Qxe5 Qxe5 28. dxe5 c4 29. Bc2 Rd8 30. Rd1 Rxd1+ 31. Bxd1 Nd3 32. b3 cxb3 33. Bxb3 Nc1 34. Bc2 Ne2+ 35. Kf1 Nxc3 36. Ke1 Kf8 37. Kd2 b4 38. Kd3 Ke7 39. Bb3 f6 40. f4 g5 41. fxg5 fxg5 42. Kc4 Ne2 43. Kxb4 Nf4 44. Bc2 1/2-1/2

[Event "Condigne Dutch Open 2018"]
[Site "Dieren"]
[Date "2018.07.28"]
[Round "5"]
[White "Van Dael, Siem"]
[Black "Wiersma, Eelke"]
[Result "1-0"]
[ECO "B06"]
[WhiteElo "2212"]
[BlackElo "2346"]
[Annotator "NA"]
[PlyCount "57"]
[EventDate "2018.07.24"]
[EventType "swiss"]
[EventCountry "NED"]
[SourceTitle "playchess.com"]
[Source "ChessBase"]
[SourceQuality "1"]
[TimeControl "40/5400+30:1800+30"]

1. e4 d6 2. d4 Nf6 3. Nc3 g6 4. Be3 a6 5. a4 Bg7 6. f3 O-O 7. Qd2 e5 8. Nge2 exd4 9. Nxd4 Nc6 10. Be2 Re8 11. O-O d5 12. Nxc6 bxc6 13. Rad1 Be6 14. Bd4 Qe7 15. Qe3 Bf8 16. b4 Nd7 17. Rb1 a5 18. exd5 cxd5 19. b5 Qh4 20. g3 Qh3 21. Qf2 Bd6 22. f4 h5 23. Bf3 Qf5 24. h4 Rad8 25. Nd1 Nf6 26. Ne3 Ne4 27. Nxf5 Nxf2 28. Nxd6 Nh3+ 29. Kh2 1-0

[Event "Condigne Dutch Open 2018"]
[Site "Dieren"]
[Date "2018.07.28"]
[Round "5"]
[White "Floor, Dirk"]
[Black "Bosboom, Manuel"]
[Result "1/2-1/2"]
[ECO "B15"]
[WhiteElo "2196"]
[BlackElo "2403"]
[Annotator "NA"]
[PlyCount "56"]
[EventDate "2018.07.24"]
[EventType "swiss"]
[EventCountry "NED"]
[SourceTitle "playchess.com"]
[Source "ChessBase"]
[SourceQuality "1"]
[TimeControl "40/5400+30:1800+30"]

1. e4 g6 2. d4 Bg7 3. Nc3 c6 4. Be3 d5 5. Qd2 h5 6. Nf3 Nh6 7. Bd3 dxe4 8. Bxe4 Nd7 9. O-O-O Nf6 10. Bd3 Bg4 11. Be2 Bxf3 12. Bxf3 Nf5 13. h3 Qa5 14. g4 Nd6 15. a3 O-O-O 16. Qe2 hxg4 17. hxg4 Nd5 18. Bd2 Nxc3 19. Bxc3 Qg5+ 20. Bd2 Qf6 21. c3 e6 22. Bg2 Nb5 23. Be3 Kb8 24. Qd2 Qe7 25. Bg5 f6 26. Bf4+ Ka8 27. Rxh8 Bxh8 28. Bg3 f5 1/2-1/2

[Event "Condigne Dutch Open 2018"]
[Site "Dieren"]
[Date "2018.07.28"]
[Round "5"]
[White "Pols, Wiggert"]
[Black "Rajesh, V A V"]
[Result "0-1"]
[ECO "C44"]
[WhiteElo "2177"]
[BlackElo "2309"]
[Annotator "NA"]
[PlyCount "118"]
[EventDate "2018.07.24"]
[EventType "swiss"]
[EventCountry "NED"]
[SourceTitle "playchess.com"]
[Source "ChessBase"]
[SourceQuality "1"]
[TimeControl "40/5400+30:1800+30"]

1. e4 e5 2. d4 exd4 3. c3 d3 4. Bxd3 Nc6 5. Nf3 d6 6. h3 Nf6 7. Nbd2 g6 8. O-O Bg7 9. Nd4 Bd7 10. f4 O-O 11. N2f3 Re8 12. Qc2 Nxd4 13. cxd4 Bc6 14. Re1 d5 15. e5 Ne4 16. b4 Qd7 17. Be3 a5 18. a3 Bf8 19. Rab1 Ba4 20. Qc1 axb4 21. axb4 Bb5 22. Bc2 Ra6 23. Qb2 Rea8 24. Ra1 Rxa1 25. Rxa1 Rxa1+ 26. Qxa1 Qc6 27. Bxe4 dxe4 28. Nh4 Be7 29. Qe1 Qc2 30. Qg3 Qd1+ 31. Kh2 Qh5 32. Bf2 Bd7 33. Be1 h6 34. Qf2 Qd1 35. g4 h5 36. f5 e3 37. Qxe3 hxg4 38. fxg6 Qc2+ 39. Qf2 Qxf2+ 40. Bxf2 gxh3 41. gxf7+ Kxf7 42. d5 Bg4 43. Be1 b5 44. e6+ Kg7 45. Bg3 Kh6 46. Bf4+ Kh5 47. Bxc7 Bxh4 48. Bd6 Kg6 49. Bc5 Be1 50. Bf8 Kf6 51. Bd6 Bf5 52. Bc5 Ke5 53. e7 Bd7 54. d6 Kd5 55. e8=Q Bxe8 56. Kxh3 Bd7+ 57. Kg2 Kc4 58. Be3 Bxb4 59. Kf2 Kd3 0-1

[Event "Condigne Dutch Open 2018"]
[Site "Dieren"]
[Date "2018.07.28"]
[Round "5"]
[White "Wedda, Dries"]
[Black "Beukema, Jasper"]
[Result "0-1"]
[ECO "E01"]
[WhiteElo "2069"]
[BlackElo "2299"]
[Annotator "NA"]
[PlyCount "74"]
[EventDate "2018.07.24"]
[EventType "swiss"]
[EventCountry "NED"]
[SourceTitle "playchess.com"]
[Source "ChessBase"]
[SourceQuality "1"]
[TimeControl "40/5400+30:1800+30"]

1. d4 d5 2. c4 e6 3. Nf3 Nf6 4. g3 Bb4+ 5. Bd2 Bd6 6. Qc2 c6 7. Bg2 Ne4 8. O-O O-O 9. Ne5 Nxd2 10. Nxd2 f6 11. Nd3 Bc7 12. Qc3 Nd7 13. Rac1 Nb6 14. e4 Rf7 15. Rfe1 dxc4 16. Nxc4 Rd7 17. Nxb6 Bxb6 18. d5 e5 19. Qb3 Rd6 20. Red1 cxd5 21. Nb4 Be6 22. Nxd5 Bd4 23. Rc2 Rc6 24. Rdc1 Rac8 25. Bf1 Kh8 26. Bc4 f5 27. Ne3 Bxc4 28. Nxc4 f4 29. Qxb7 Bxf2+ 30. Kg2 Bd4 31. g4 h5 32. Kh1 hxg4 33. Qf7 Qh4 34. Qf5 g3 35. h3 Rxc4 36. Rxc4 Rxc4 37. Rxc4 g2+ 0-1

[Event "Condigne Dutch Open 2018"]
[Site "Dieren"]
[Date "2018.07.30"]
[Round "6"]
[White "Reinderman, Dimitri"]
[Black "Ikonnikov, Vyacheslav"]
[Result "1/2-1/2"]
[ECO "A17"]
[WhiteElo "2575"]
[BlackElo "2536"]
[Annotator "ChessBase"]
[PlyCount "81"]
[EventDate "2018.07.24"]
[EventType "swiss"]
[EventCountry "NED"]
[SourceTitle "playchess.com"]
[Source "ChessBase"]
[SourceQuality "1"]
[TimeControl "40/5400+30:1800+30"]

1. Nf3 Nf6 2. c4 e6 3. Nc3 Bb4 4. Qc2 O-O 5. a3 Bxc3 6. Qxc3 a5 7. b4 d6 8. Bb2 e5 9. e3 Re8 10. Be2 Bg4 11. d3 axb4 12. axb4 Rxa1+ 13. Bxa1 Nbd7 14. h3 Bh5 15. O-O h6 16. Bb2 Qe7 17. Ra1 Rb8 18. Kf1 Qf8 19. Ra7 e4 20. dxe4 Nxe4 21. Qc2 Qe7 22. Bd3 Bg6 23. Kg1 c5 24. Nd2 Nxd2 25. Bxg6 fxg6 26. Qxd2 Nb6 27. Qd3 Qe6 28. bxc5 dxc5 29. Qb3 Kh7 30. Ra5 Nd7 31. Qc3 Qf7 32. Ra7 Nf6 33. Qa5 Ne4 34. f3 Ng5 35. e4 Ne6 36. Be5 Rd8 37. Kh2 Rd7 38. Qb5 g5 39. Ra2 Qe7 40. Bg3 Rd1 41. Ra8 1/2-1/2

[Event "Condigne Dutch Open 2018"]
[Site "Dieren"]
[Date "2018.07.30"]
[Round "6"]
[White "Chanda, Sandipan"]
[Black "Van den Doel, Erik"]
[Result "0-1"]
[ECO "C96"]
[WhiteElo "2548"]
[BlackElo "2593"]
[Annotator "ChessBase"]
[PlyCount "126"]
[EventDate "2018.07.24"]
[EventType "swiss"]
[EventCountry "NED"]
[SourceTitle "playchess.com"]
[Source "ChessBase"]
[SourceQuality "1"]
[TimeControl "40/5400+30:1800+30"]

1. e4 e5 2. Nf3 Nc6 3. Bb5 a6 4. Ba4 Nf6 5. O-O Be7 6. Re1 b5 7. Bb3 d6 8. c3 O-O 9. h3 Na5 10. Bc2 c5 11. d4 Nd7 12. d5 Nb6 13. Nbd2 c4 14. b4 cxb3 15. axb3 Nb7 16. c4 b4 17. Nf1 a5 18. Ne3 Nc5 19. Bd2 g6 20. Ng4 h5 21. Ngh2 Bd7 22. Bh6 Re8 23. Qd2 a4 24. Qxb4 axb3 25. Rxa8 Qxa8 26. Bxb3 Rb8 27. Bc2 Nxd5 28. Qd2 Nf6 29. Ng5 Qa2 30. Nf1 Rb2 31. Ne3 Nfxe4 32. Nxe4 Nxe4 33. Qd5 Nf6 34. Qd3 Qa5 35. Rd1 Ra2 36. Bg5 Ra3 37. Qd2 Qxd2 38. Rxd2 Be6 39. Bxf6 Bxf6 40. Rxd6 Kg7 41. Be4 Bg5 42. Rd3 Ra1+ 43. Kh2 h4 44. Bd5 Bc8 45. Rd1 Ra3 46. Rb1 Bxe3 47. fxe3 Rxe3 48. Rb8 Be6 49. Bxe6 fxe6 50. c5 Rc3 51. Rc8 e4 52. Kg1 Kf6 53. c6 Ke5 54. Kf2 Rc2+ 55. Kf1 Kf4 56. Ke1 Ke3 57. Kd1 Rd2+ 58. Kc1 Rd6 59. Kc2 Kf2 60. Kc3 e3 61. Rf8+ Kxg2 62. Rf4 e2 63. Re4 Kf3 0-1

[Event "Condigne Dutch Open 2018"]
[Site "Dieren"]
[Date "2018.07.30"]
[Round "6"]
[White "Anurag, Mhamal"]
[Black "Van Foreest, Lucas"]
[Result "0-1"]
[ECO "C54"]
[WhiteElo "2484"]
[BlackElo "2488"]
[Annotator "RC"]
[PlyCount "56"]
[EventDate "2018.07.24"]
[EventType "swiss"]
[EventCountry "NED"]
[SourceTitle "playchess.com"]
[Source "ChessBase"]
[SourceQuality "1"]
[TimeControl "40/5400+30:1800+30"]

1. e4 e5 2. Nf3 Nc6 3. Bc4 Bc5 4. O-O Nf6 5. d3 O-O 6. Re1 d6 7. c3 Ne7 8. d4 Bb6 9. a4 c6 10. a5 Bc7 11. dxe5 dxe5 12. Qc2 Ng6 13. Be3 Qe7 14. Nbd2 Ng4 15. Bg5 Qc5 16. b4 Qxf2+ 17. Kh1 a6 18. h3 h6 19. Re2 Qa7 20. hxg4 hxg5 21. Nxg5 Bxg4 22. Qb3 Nf4 23. Bxf7+ Kh8 24. g3 Bxe2 25. gxf4 Rad8 26. Qe6 Rd6 27. Qe7 Rh6+ 28. Kg2 Bd6 0-1

[Event "Condigne Dutch Open 2018"]
[Site "Dieren"]
[Date "2018.07.30"]
[Round "6"]
[White "Beukema, Stefan"]
[Black "Anand Nadar"]
[Result "1/2-1/2"]
[ECO "C94"]
[WhiteElo "2404"]
[BlackElo "2346"]
[Annotator "NA"]
[PlyCount "52"]
[EventDate "2018.07.24"]
[EventType "swiss"]
[EventCountry "NED"]
[SourceTitle "playchess.com"]
[Source "ChessBase"]
[SourceQuality "1"]
[TimeControl "40/5400+30:1800+30"]

1. e4 e5 2. Nf3 Nc6 3. Bb5 a6 4. Ba4 Nf6 5. O-O Be7 6. Re1 b5 7. Bb3 d6 8. c3 O-O 9. h3 Nb8 10. d3 c5 11. Nbd2 Re8 12. Nf1 Bf8 13. Ng5 Re7 14. f4 h6 15. Nf3 $11 Nc6 16. Ng3 exf4 17. Bxf4 Ne5 18. Bc2 Qb6 19. Kh2 Bb7 20. b3 Ng6 21. Be3 d5 22. e5 Nxe5 23. Nxe5 Rxe5 24. Bxc5 Rxe1 25. Bxb6 Rxd1 26. Bxd1 Bd6 1/2-1/2

[Event "Condigne Dutch Open 2018"]
[Site "Dieren"]
[Date "2018.07.30"]
[Round "6"]
[White "Bosboom, Manuel"]
[Black "Van Dael, Siem"]
[Result "1-0"]
[ECO "B50"]
[WhiteElo "2403"]
[BlackElo "2212"]
[Annotator "NA"]
[PlyCount "57"]
[EventDate "2018.07.24"]
[EventType "swiss"]
[EventCountry "NED"]
[SourceTitle "playchess.com"]
[Source "ChessBase"]
[SourceQuality "1"]
[TimeControl "40/5400+30:1800+30"]

1. e4 c5 2. Nf3 d6 3. c3 Nf6 4. h3 Nc6 5. Bd3 e5 6. Bc2 Be7 7. d3 O-O 8. O-O h6 9. Re1 Nh7 10. d4 Ng5 11. Bxg5 hxg5 12. dxc5 dxc5 13. Na3 g4 14. hxg4 Bxg4 $14 15. Nc4 Qc8 16. Ne3 Bg5 17. Nxg4 Qxg4 18. Qe2 Rae8 19. Bb3 Bf4 20. Rad1 g6 21. g3 Bh6 22. Kg2 Kg7 23. Qb5 Re7 24. Qxc5 f5 25. Rd6 fxe4 26. Nh2 Qg5 27. Rxe4 Ree8 28. Bc2 Qe7 29. Rg4 1-0

[Event "Condigne Dutch Open 2018"]
[Site "Dieren"]
[Date "2018.07.30"]
[Round "6"]
[White "Beukema, Jasper"]
[Black "Viani Antonio Dcunha"]
[Result "0-1"]
[ECO "D03"]
[WhiteElo "2299"]
[BlackElo "2404"]
[Annotator "NA"]
[PlyCount "50"]
[EventDate "2018.07.24"]
[EventType "swiss"]
[EventCountry "NED"]
[SourceTitle "playchess.com"]
[Source "ChessBase"]
[SourceQuality "1"]
[TimeControl "40/5400+30:1800+30"]

1. d4 Nf6 2. Bg5 d5 3. e3 Nbd7 4. Nf3 e6 5. Nbd2 h6 6. Bf4 Be7 7. Bd3 c5 8. c3 b6 9. Ne5 Nxe5 10. dxe5 Nd7 11. Qg4 g5 12. h4 h5 13. Qg3 gxf4 14. Qg7 Rf8 15. exf4 c4 16. Be2 Nc5 ({Keinesfalls} 16... Bxh4 17. Bxh5 Be7 18. Kf1 $17) 17. Nf3 $19 Ba6 18. g3 Nd3+ 19. Kf1 Qd7 20. Ng5 O-O-O 21. Bxh5 Qb5 22. Rb1 d4 23. Kg2 Bb7+ 24. Bf3 Bxf3+ 25. Kxf3 Bxg5 0-1

[Event "Condigne Dutch Open 2018"]
[Site "Dieren"]
[Date "2018.07.30"]
[Round "6"]
[White "Ashwath, R."]
[Black "Zwirs, Nico"]
[Result "0-1"]
[ECO "A57"]
[WhiteElo "2285"]
[BlackElo "2386"]
[Annotator "NA"]
[PlyCount "64"]
[EventDate "2018.07.24"]
[EventType "swiss"]
[EventCountry "NED"]
[SourceTitle "playchess.com"]
[Source "ChessBase"]
[SourceQuality "1"]
[TimeControl "40/5400+30:1800+30"]

1. d4 Nf6 2. c4 c5 3. d5 b5 4. Nd2 bxc4 5. e4 e6 6. dxe6 fxe6 7. e5 Nd5 8. Nxc4 Be7 9. Qh5+ g6 10. Qh6 Bf8 11. Qh3 Ba6 12. Nf3 Nc6 13. Be2 Qc7 14. O-O Bxc4 15. Bxc4 Nb6 16. Bxe6 dxe6 17. Qxe6+ Be7 18. Ng5 Nd8 19. Qh3 Qd7 20. Qh6 Ne6 21. Nxh7 O-O-O 22. Qxg6 Rdg8 23. Qe4 Nd4 24. Kh1 Rg4 25. f4 Qf5 26. Qxf5+ Nxf5 27. Nf6 Bxf6 28. exf6 Ng3+ 29. Kg1 Nxf1 30. Kxf1 Rxh2 31. f7 Nd7 32. Be3 Rh1+ 0-1

[Event "Condigne Dutch Open 2018"]
[Site "Dieren"]
[Date "2018.07.30"]
[Round "6"]
[White "Ojas Kulkarni"]
[Black "Melde, Benjamin"]
[Result "1-0"]
[ECO "A37"]
[WhiteElo "2226"]
[BlackElo "2108"]
[Annotator "NA"]
[PlyCount "73"]
[EventDate "2018.07.24"]
[EventType "swiss"]
[EventCountry "NED"]
[SourceTitle "playchess.com"]
[Source "ChessBase"]
[SourceQuality "1"]
[TimeControl "40/5400+30:1800+30"]

1. Nf3 g6 2. c4 Bg7 3. g3 c5 4. Nc3 Nc6 5. Bg2 e5 6. O-O Nge7 7. a3 O-O 8. Rb1 a5 9. Ne1 Rb8 10. Nc2 Nd4 11. b4 d6 $14 12. Ne3 h5 13. d3 Bh6 14. Bd2 h4 15. bxc5 dxc5 16. Ne4 Ne6 17. Nd5 Bxd2 18. Qxd2 Kg7 19. Qb2 Nc6 20. Qb6 Ned4 21. Ndc3 h3 22. Bh1 Nxe2+ 23. Nxe2 Qxd3 24. Rfe1 Bg4 25. Nxc5 Qxc4 26. Rbc1 Qa2 27. Qb3 Qd2 28. Qe3 Qa2 29. Nxb7 Rxb7 30. Bxc6 Rb2 31. Nc3 Qxa3 32. Qxe5+ Kh7 33. Ne4 Re2 34. Nf6+ Kh8 35. Qg5 Kg7 36. Nxg4 Qc3 37. Rxe2 1-0

[Event "Condigne Dutch Open 2018"]
[Site "Dieren"]
[Date "2018.07.30"]
[Round "6"]
[White "De Jong, Tom"]
[Black "Miedema, David"]
[Result "1-0"]
[ECO "C02"]
[WhiteElo "2201"]
[BlackElo "2370"]
[Annotator "NA"]
[PlyCount "79"]
[EventDate "2018.07.24"]
[EventType "swiss"]
[EventCountry "NED"]
[SourceTitle "playchess.com"]
[Source "ChessBase"]
[SourceQuality "1"]
[TimeControl "40/5400+30:1800+30"]

1. e4 e6 2. d4 d5 3. e5 c5 4. c3 Nc6 5. Nf3 Bd7 6. Be2 Nge7 7. O-O Ng6 8. a3 a5 9. a4 Be7 10. Na3 O-O 11. Be3 cxd4 12. Bxd4 $11 Qb8 13. Bb5 f6 14. exf6 Bxf6 15. Re1 Qd6 16. Nc4 Qe7 17. Nb6 Rad8 18. Nxd5 Qf7 19. Nxf6+ gxf6 20. Bb6 Rc8 21. Qd6 e5 22. Rad1 Bg4 23. Nd2 Kh8 24. f3 Be6 25. Ne4 Nh4 26. Ng3 Rg8 27. f4 Rg4 28. fxe5 f5 29. Bxc6 bxc6 30. Bd8 h6 31. Rf1 f4 32. Rd4 c5 33. Bf6+ Kh7 34. Rdxf4 Rxf4 35. Rxf4 Ng6 36. Rf2 Bb3 37. Ne4 Qe8 38. Nxc5 Rc6 39. Qd4 Be6 40. Nxe6 1-0

[Event "Condigne Dutch Open 2018"]
[Site "Dieren"]
[Date "2018.07.30"]
[Round "6"]
[White "Floor, Dirk"]
[Black "Maris, Ivo"]
[Result "1/2-1/2"]
[ECO "D51"]
[WhiteElo "2196"]
[BlackElo "2342"]
[Annotator "NA"]
[PlyCount "161"]
[EventDate "2018.07.24"]
[EventType "swiss"]
[EventCountry "NED"]
[SourceTitle "playchess.com"]
[Source "ChessBase"]
[SourceQuality "1"]
[TimeControl "40/5400+30:1800+30"]

1. d4 Nf6 2. c4 e6 3. Nf3 d5 4. Nc3 Nbd7 5. Bg5 h6 6. Bh4 dxc4 7. e3 a6 8. a4 c5 9. Bxc4 cxd4 {[%emt 0:00:51] LiveBook: 5 Games} 10. exd4 Nb6 11. Bb3 Be7 $14 12. O-O O-O 13. Re1 Nfd5 14. Bxe7 Nxe7 15. a5 Nbd5 16. Nxd5 Nxd5 17. Ne5 Ne7 18. Bc2 Bd7 19. Qd3 g6 20. Qd2 Kg7 21. Ra3 Be8 22. Be4 Rb8 23. Rh3 Ng8 24. Rc1 h5 25. Rf3 Nf6 26. Qf4 Nxe4 27. Qxe4 Qxa5 28. Qf4 Rc8 29. h4 Rxc1+ 30. Qxc1 Bc6 31. Rg3 Be4 32. Rc3 Qd8 33. Qe3 Qxh4 34. Rc7 Bc6 35. Nxc6 bxc6 36. Qc3 Rd8 37. d5+ Qf6 38. dxe6 Qxc3 39. Rxf7+ Kg8 40. bxc3 Ra8 41. Rd7 Kf8 42. Rf7+ Ke8 43. Rg7 Rd8 44. Rxg6 Rd1+ 45. Kh2 Ke7 46. Rg7+ Kxe6 47. Ra7 Ra1 48. Rh7 Ra5 49. Kh3 Rc5 50. Rh6+ Kf7 51. g3 Kg7 52. Rd6 a5 53. Kh4 a4 54. Rd7+ Kg6 55. Rd6+ Kf5 56. Kxh5 a3 57. Rd4 Ra5 58. Rd1 a2 59. Ra1 Ke4+ 60. Kg6 Kf3 61. Kf6 Ke4 62. g4 c5 63. g5 Ra6+ 64. Ke7 Kf5 65. Kd7 Kxg5 66. Kc7 Kf4 67. Kb7 Ra4 68. Kb6 Ke4 69. Kb5 Ra8 70. Kxc5 Kd3 71. c4 Kc3 72. Kb5 Rb8+ 73. Kc6 Rb2 74. c5 Rxf2 75. Kd7 Rf7+ 76. Ke6 Ra7 77. c6 Kb2 78. Rxa2+ Kxa2 79. Kd6 Kb3 80. c7 Rxc7 81. Kxc7 1/2-1/2

[Event "Condigne Dutch Open 2018"]
[Site "Dieren"]
[Date "2018.07.30"]
[Round "6"]
[White "Sparenberg, Erik"]
[Black "Van Osch, Mees"]
[Result "1/2-1/2"]
[ECO "A57"]
[WhiteElo "2173"]
[BlackElo "2324"]
[Annotator "NA"]
[PlyCount "77"]
[EventDate "2018.07.24"]
[EventType "swiss"]
[EventCountry "NED"]
[SourceTitle "playchess.com"]
[Source "ChessBase"]
[SourceQuality "1"]
[TimeControl "40/5400+30:1800+30"]

1. d4 Nf6 2. c4 c5 3. d5 b5 4. cxb5 a6 5. b6 e6 6. Nc3 Bb7 7. e4 exd5 8. exd5 d6 9. g3 Nbd7 10. Bg2 Nxb6 11. Nge2 Be7 12. O-O O-O 13. Re1 Re8 14. b3 $11 Bf8 15. Bb2 g6 16. Qd2 Bg7 17. Nf4 Qd7 18. a4 Rxe1+ 19. Rxe1 Re8 20. a5 Nc8 21. h4 Rxe1+ 22. Qxe1 Ne7 23. Ne4 Nxe4 24. Bxg7 Kxg7 25. Qxe4 Ng8 26. Qe3 Qe7 27. Qc3+ Qf6 28. Qe1 Ne7 29. Qe4 Nf5 30. b4 Qa1+ 31. Kh2 Qd4 32. bxc5 dxc5 33. Qxd4+ Nxd4 34. d6 Bxg2 35. d7 Nc6 36. Kxg2 Kf6 37. Nd3 Ke7 38. Nxc5 Nxa5 39. Nxa6 1/2-1/2

[Event "Condigne Dutch Open 2018"]
[Site "Dieren"]
[Date "2018.07.30"]
[Round "6"]
[White "Go, Benjamin"]
[Black "Van Meegen, Ruud"]
[Result "0-1"]
[ECO "B16"]
[WhiteElo "2162"]
[BlackElo "2222"]
[Annotator "NA"]
[PlyCount "112"]
[EventDate "2018.07.24"]
[EventType "swiss"]
[EventCountry "NED"]
[SourceTitle "playchess.com"]
[Source "ChessBase"]
[SourceQuality "1"]
[TimeControl "40/5400+30:1800+30"]

1. e4 c6 2. d4 d5 3. Nc3 dxe4 4. Nxe4 Nf6 5. Nxf6+ gxf6 6. Bc4 Bf5 7. Ne2 h5 8. Ng3 Bg6 $14 9. h4 e6 10. Be3 Bd6 11. Qd2 Qc7 12. O-O-O Nd7 13. Ne2 Nb6 14. Bd3 Bxd3 15. Qxd3 O-O-O 16. Kb1 Kb8 17. c4 c5 18. b3 a6 19. Qc3 Nd7 20. Rd2 cxd4 21. Bxd4 e5 22. Be3 f5 23. Rhd1 Nf6 24. f3 Be7 25. Bg5 Rxd2 26. Rxd2 Rd8 27. Rxd8+ Bxd8 28. Qd3 f4 29. Qf5 Qd6 30. Nc3 Ba5 31. Kc2 Bxc3 32. Kxc3 Qd4+ 33. Kc2 Qf2+ 34. Kc3 Qe1+ 35. Kb2 Qd2+ 36. Ka3 Qa5+ 37. Kb2 Qd2+ 38. Ka3 Nd7 39. Be7 Kc7 40. Qb1 Qa5+ 41. Kb2 Qd2+ 42. Qc2 Qxc2+ 43. Kxc2 Kc6 44. Kd3 f5 45. b4 b5 46. Kc3 Nb6 47. cxb5+ axb5 48. Kd3 Kd5 49. Bc5 Nc4 50. Kc3 e4 51. Ba7 Ne5 52. a4 bxa4 53. b5 a3 54. Kb3 a2 55. Kxa2 e3 56. Kb3 e2 0-1

[Event "Condigne Dutch Open 2018"]
[Site "Dieren"]
[Date "2018.07.30"]
[Round "6"]
[White "Evengroen, Henk-Jan"]
[Black "Zwirs, Jasper"]
[Result "1-0"]
[ECO "D52"]
[WhiteElo "2160"]
[BlackElo "2124"]
[Annotator "NA"]
[PlyCount "43"]
[EventDate "2018.07.24"]
[EventType "swiss"]
[EventCountry "NED"]
[SourceTitle "playchess.com"]
[Source "ChessBase"]
[SourceQuality "1"]
[TimeControl "40/5400+30:1800+30"]

1. d4 d5 2. c4 c6 3. Nc3 Nf6 4. Nf3 e6 5. Bg5 Nbd7 6. e3 Qa5 7. cxd5 exd5 8. Nd2 Bd6 9. Bd3 O-O 10. O-O Qc7 11. f4 b5 12. Rc1 b4 13. Nb5 Qb8 14. Rxc6 Be7 15. Nc7 Bb7 16. Rc1 Bd6 17. Nxa8 Qxa8 18. Nb3 Re8 19. Re1 Ne4 20. Bxe4 Rxe4 21. Na5 h6 22. Bxh6 1-0

[Event "Condigne Dutch Open 2018"]
[Site "Dieren"]
[Date "2018.07.30"]
[Round "6"]
[White "Van Roon, Sjoerd"]
[Black "Pols, Wiggert"]
[Result "1-0"]
[ECO "B32"]
[WhiteElo "2100"]
[BlackElo "2177"]
[Annotator "NA"]
[PlyCount "57"]
[EventDate "2018.07.24"]
[EventType "swiss"]
[EventCountry "NED"]
[SourceTitle "playchess.com"]
[Source "ChessBase"]
[SourceQuality "1"]
[TimeControl "40/5400+30:1800+30"]

1. e4 c5 2. Nf3 Nc6 3. d4 cxd4 4. Nxd4 e5 5. Nb5 d6 6. N1c3 a6 7. Na3 b5 8. Nd5 Nge7 9. c4 Nxd5 10. exd5 Nd4 11. cxb5 g6 12. Be3 Bg7 13. Bxd4 exd4 14. Bd3 O-O 15. O-O Bb7 16. bxa6 Bxd5 17. b4 Qg5 18. g3 Rac8 19. b5 Rc3 20. Nb1 f5 21. Nxc3 dxc3 22. Bc2 Ba8 23. b6 Bc6 24. Qxd6 Bf3 25. b7 Qg4 26. Bb3+ Kh8 27. b8=Q Qh3 28. Qdxf8+ Bxf8 29. Qxf8# 1-0